 Dungeon Crawl Stone Soup version 0.23-a0-398-g8eab93fbe2 (console) character file.

79 Gottschkopf the Insei (level 4, -10/31 HPs)
             Began as a Draconian Transmuter on Nov 3, 2018.
             Was an Initiate of Hepliaklqana.
             Mangled by a gnoll
             ... wielding a +0 halberd
              (11 damage)
             ... on level 3 of the Dungeon.
             The game lasted 00:04:54 (1619 turns).

Gottschkopf the Insei (Draconian Transmuter)        Turns: 1619, Time: 00:04:54

Health: -10/31     AC:  5    Str: 12    XL:     4   Next: 16%
Magic:  6/7        EV: 12    Int: 14    God:    Hepliaklqana [......]
Gold:   136        SH:  0    Dex: 12    Spells: 3/7 levels left

rFire    . . .     SeeInvis .     - Unarmed
rCold    . . .     Gourm    .   (no shield)
rNeg     . . .     Faith    .   (armour unavailable)
rPois    .         Spirit   .   (helmet restricted)
rElec    .         Reflect  .   (no cloak)
rCorr    +         Harm     .   (no gloves)
MR       .....                  (no boots)
Stlth    +.........             (no amulet)
HPRegen  0.10/turn              d - ring of resist corrosion
MPRegen  0.10/turn              (no ring)

@: appendage (expiring)
A: unfitting armour, reduced essence, horns 2, cold-blooded, AC +5
a: End Transformation, Recall Ancestor, Ancestor Identity, Renounce Religion


You were on level 3 of the Dungeon.
You worshipped Hepliaklqana.
Hepliaklqana was noncommittal.
You were not hungry.
You had grown temporary horns.
You visited 1 branch of the dungeon, and saw 3 of its levels.

You collected 136 gold pieces.

Inventory:

Missiles
 a - 65 arrows
Jewellery
 d - a ring of resist corrosion (left hand)
Scrolls
 b - 3 scrolls of fear {unknown}
 e - a scroll of fog {unknown}
 g - 2 scrolls of teleportation {unknown}
 h - 3 scrolls of identify {unknown}
 m - a scroll of noise {unknown}
 p - a scroll of blinking {unknown}
Potions
 f - a potion of curing {unknown}
 i - a potion of magic {unknown}
 j - a potion of might {unknown}
 k - a potion of brilliance {unknown}
 l - a potion of invisibility {unknown}
 n - a potion of heal wounds {unknown}
Comestibles
 c - 5 rations
 o - 3 chunks of flesh


   Skills:
 - Level 1.1 Fighting
 - Level 1.7 Dodging
 - Level 4.9 Unarmed Combat
 - Level 2.0 Spellcasting
 - Level 2.0 Transmutations
 + Level 0.7 Poison Magic


You had 3 spell levels left.
You knew the following spells:

 Your Spells              Type           Power        Failure   Level  Hunger
a - Beastly Appendage     Tmut           #.....       11%         1    ##.....
b - Spider Form           Tmut/Pois      #.........   38%         3    ####...

Your spell library contained the following spells:

 Spells                   Type           Power        Failure   Level  Hunger
 Sticks to Snakes         Tmut           #.......     16%         2    ###....
 Ice Form                 Ice/Tmut       #.......     83%         4    #####..
 Blade Hands              Tmut           #.........   96%         5    ######.


Dungeon Overview and Level Annotations

Branches:
Dungeon (3/15)

Altars:
Hepliaklqana
Sif Muna
Yredelemnul

Portals:
Abyss: D:1***


Innate Abilities, Weirdness & Mutations

Your plain brown scales are hard. (AC +5)
You cannot fit into any form of body armour.
You are cold-blooded and may be slowed by cold attacks.
Your life essence is reduced to manifest your ancestor. (-10% HP)
You have a pair of horns on your head.


Message History

c - 5 rations (gained 1)
The gnoll is too close now for your liking.
A gnoll is nearby!
Casting: Beastly Appendage (safe; 11% risk of failure)
Confirm with . or Enter, or press ? or * to list all spells.
You extend your transformation's duration.
The gnoll misses you.
Unknown command.
Your transformation is almost over.
The gnoll hits you with a +0 halberd!
* * * LOW HITPOINT WARNING * * *
You are too injured to fight recklessly!
You are too injured to fight recklessly!
You are too injured to fight recklessly!
You closely miss the gnoll. The gnoll hits you with a +0 halberd.
* * * LOW HITPOINT WARNING * * *
You punch the gnoll! You tail-slap the gnoll.
The gnoll is almost dead.
Cipactli hits the gnoll.
The gnoll hits you with a +0 halberd!
You die...

####### ##.##....##. #
#.....# #......_....
#.#.....###.#.##....##
#.#.....(...#.###...##
#>......#####.# #.####
###.........###..
..####
#.......)....####
#.....
#...........#...
..##.# #$....)@R(.##
.# ###.. #......g..##
.# ### ..........## .
.. ###......... ###
..........#.
...$......#..
##.##.#.#.. .. #. ....
## .##


You could see the friendly Cipactli the ancestor and a gnoll.

Vanquished Creatures
  2 gnolls (D:3)
  2 adders
  A leopard gecko (D:3)
  A giant cockroach (D:2)
  3 goblins (D:1)
  5 hobgoblins
  5 bats (D:1)
  8 frilled lizards
  6 kobolds
  10 rats
43 creatures vanquished.

Vanquished Creatures (collateral kills)
  A goblin (D:2)
  A kobold (D:3)
  A frilled lizard (D:2)
3 creatures vanquished.

Grand Total: 46 creatures vanquished

Notes
Turn   | Place    | Note
-------+----------+-------------------------------------------
     0 | D:1      | Gottschkopf the Draconian Transmuter began the quest for
                  | the Orb.
     0 | D:1      | Reached XP level 1. HP: 16/16 MP: 3/3
   334 | D:1      | Reached XP level 2. HP: 23/23 MP: 3/5
   761 | D:2      | Reached skill level 4 in Unarmed Combat
   972 | D:2      | Found a hazy altar of Hepliaklqana.
   979 | D:2      | Became a worshipper of Hepliaklqana the Forgotten
   991 | D:2      | Reached XP level 3. HP: 24/25 MP: 6/6
  1034 | D:2      | Found a faded altar of an unknown god.
  1502 | D:3      | Found a basalt altar of Yredelemnul.
  1557 | D:3      | Found a deep blue altar of Sif Muna.
  1589 | D:3      | Reached XP level 4. HP: 26/31 MP: 5/7
  1594 | D:3      | Learned a level 3 spell: Spider Form
  1618 | D:3      | HP: 1/31 [gnoll/+0 halberd (5)]
  1619 | D:3      | Mangled by a gnoll

Vault maps used:
D:1:      minmay_arrival_glassed_features
D:2:      old_standard_altar, chequers_ecumenical_altar_island, serial_rivers,
          chequers_serial_rivers_small_a, chequers_serial_rivers_marsh,
          chequers_serial_rivers_micro_b, chequers_serial_rivers_micro_c,
          chequers_serial_rivers_large_a, chequers_mini_garden, minivault_25,
          minmay_crystal_room
D:3:      nicolae_overflow_crystal_walls, lemuel_doored_altar

Skill      XL: |  1  2 |
---------------+-------+-----
Unarmed Combat | 4 |  4.9
Fighting       | |  1.1
Dodging        | |  1.7
Spellcasting   | |  2.0
Transmutations | |  2.0
Poison Magic   | |  0.7

Action                   |  1- 3 |  4- 6 || total
-------------------------+-------+-------++-------
Melee: Unarmed           |   129 |     7 ||   136
       Tailslap          |     9 |     2 ||    11
       Kick              |     9 |       ||     9
       Headbutt          |     3 |       ||     3
 Cast: Beastly Appendage |    25 |     2 ||    27
Invok: Ancestor Identity |     1 |       ||     1
  Eat: Chunk             |     3 |       ||     3
Armor: Skin              |    53 |     1 ||    54
Dodge: Dodged            |    80 |     3 ||    83

Table legend:
 A = Non-vault XP
 B = Vault XP
 C = Vault XP percentage of total XP
 D = Non-vault monster count
 E = Vault monster count
 F = Vault count percentage of total count
                 A         B        C        D         E       F
            +---------+---------+-------+---------+---------+-------
      Total |     113 |       0 |   0.0 |      46 |       0 |   0.0
            +---------+---------+-------+---------+---------+-------
        D:1 |      26 |       0 |   0.0 |      18 |       0 |   0.0
        D:2 |      34 |       0 |   0.0 |      18 |       0 |   0.0
        D:3 |      53 |       0 |   0.0 |      10 |       0 |   0.0
            +---------+---------+-------+---------+---------+-------
